 Dungeon Crawl Stone Soup version 0.30.1-9-gdf580d7c3d (webtiles) character file.

Game seed: 8522482733281762015

267 fireball365 the Chopper (level 6, -3/53 HPs)
             Began as a Hill Orc Fighter on Oct 8, 2023.
             Slain by Edmund
             ... wielding a +3 heavy dire flail
              (16 damage)
             ... on level 4 of the Dungeon.
             The game lasted 00:04:14 (2344 turns).

fireball365 the Chopper (Hill Orc Fighter)          Turns: 2344, Time: 00:04:15

Health: -3/53      AC: 15    Str: 21    XL:     6   Next: 21%
Magic:  6/6        EV:  8    Int:  8    God:
Gold:   159        SH:  9    Dex: 10    Spells: 5/5 levels left

rFire   . . .        a - +0 war axe
rCold   . . .        c - +0 buckler
rNeg    . . .        j - +0 chain mail
rPois   .            (no helmet)
rElec   .            i - +0 cloak
rCorr   .            (no gloves)
SInv    .            o - +0 pair of boots
Will    .....        k - amulet of reflection Stlth
                     l - +4 ring of protection
HPRegen 0.28/turn    (no ring)
MPRegen 0.10/turn

%: reflection
@: no status effects
A: no striking features
a: no special abilities


You were on level 4 of the Dungeon.
You visited 1 branch of the dungeon, and saw 4 of its levels.

You collected 159 gold pieces.

Inventory:

Hand Weapons
 a - a +0 war axe (weapon)
Missiles
 h - 4 javelins (quivered)
 s - 5 boomerangs
Armour
 c - a +0 buckler (worn)
 i - a +0 cloak (worn)
 j - a +0 chain mail (worn)
 o - a +0 pair of boots (worn)
Jewellery
 k - an amulet of reflection (around neck)
 l - a +4 ring of protection (left hand)
 p - a ring of ice
Scrolls
 e - 2 scrolls of blinking
 f - a scroll of magic mapping {unknown}
 n - a scroll of enchant armour {unknown}
 q - 2 scrolls of poison
 r - a scroll of fog {unknown}
 t - a scroll of enchant weapon {unknown}
 v - a scroll of immolation {unknown}
 w - a scroll of teleportation {unknown}
Potions
 b - 4 potions of curing
 d - a potion of might
 g - 2 potions of brilliance
 m - a potion of resistance
 u - a potion of degeneration


   Skills:
 + Level 4.6 Fighting
 + Level 5.8 Axes
 + Level 4.2 Armour
 + Level 0.5 Dodging
 + Level 4.4 Shields


You had 5 spell levels left.
You didn't know any spells.
Your spell library was empty.

Dungeon Overview and Level Annotations

Branches:
Dungeon (4/15)
 Temple: D:4-7

Altars:

Annotations:
D:4 Edmund


Message History

The hound zombie is severely damaged.
The hound zombie bites you but does no damage.
You block the hound zombie's attack.
You hit the hound zombie.
The hound zombie is almost destroyed.
The hound zombie bites you but does no damage.
You slash the hound zombie!
You destroy the hound zombie!
You see here 3 stones.
e - 2 scrolls of blinking (gained 1) Edmund the Younger comes into view.
He is wielding a +3 heavy dire flail.
Edmund shouts!
Edmund says, "Everyone always remembers my brother. 'Who's Edmund?' they ask!"
Edmund hits you with a +3 heavy dire flail!
You closely miss Edmund.
Edmund hits you with a +3 heavy dire flail!
You hit Edmund.
Edmund is lightly wounded.
You closely miss Edmund.
Edmund is lightly wounded.
You block Edmund's attack.
You closely miss Edmund.
Edmund is lightly wounded.
Edmund completely misses you.
You slash Edmund!
Edmund is moderately wounded.
Edmund hits you with a +3 heavy dire flail!!
You barely miss Edmund.
Edmund is moderately wounded.
Edmund barely misses you.
You hit Edmund.
Edmund is moderately wounded.
Edmund hits you with a +3 heavy dire flail!
* * * LOW HITPOINT WARNING * * *
You slash Edmund!
Edmund is severely wounded.
You hit Edmund.
Edmund is severely wounded.
Edmund hits you with a +3 heavy dire flail!
You die...

...............'......>..
......#..†.....#######.##
..##...........# #...
##..........# #..#
#.#..(###### #..# #####.#
#... ###...# #.##
#.#.##### #.# #...@@..#
#.# ######........ #.#
#........ #.# #........
#.## #........ ###P§P
#........##.§.P§
#######...#.#§§§
#........ ###<.....##


You could see Edmund.

Vanquished Creatures
  An ogre (D:4)
  A scorpion (D:4)
  2 hound zombies (D:4)
  An adder (D:2)
  2 worms (D:2)
  3 dart slugs
  5 orcs (D:3)
  4 bats
  6 endoplasms
  2 giant cockroaches
  8 goblins
  5 hobgoblins
  3 jackals (D:2)
  4 quokkas
  6 ball pythons
  A frilled lizard (D:1)
  5 rats
59 creatures vanquished.

Notes
Turn   | Place    | Note
-------+----------+-------------------------------------------
     0 | D:1      | fireball365 the Hill Orc Fighter began the quest for the
                  | Orb.
     0 | D:1      | Reached XP level 1. HP: 19/19 MP: 1/1
   166 | D:1      | Reached XP level 2. HP: 23/27 MP: 2/2
   773 | D:2      | Reached skill level 3 in Axes
   773 | D:2      | Reached XP level 3. HP: 23/33 MP: 3/3
  1368 | D:2      | Reached XP level 4. HP: 40/40 MP: 4/4
  2198 | D:4      | Noticed an ogre
  2208 | D:4      | Killed an ogre
  2209 | D:4      | Reached skill level 5 in Axes
  2209 | D:4      | Reached XP level 5. HP: 47/47 MP: 5/5
  2309 | D:4      | Reached XP level 6. HP: 53/53 MP: 6/6
  2328 | D:4      | Noticed Edmund
  2344 | D:4      | Slain by Edmund

Illustrated notes

Levels and vault maps discovered:
D:1:      nagdon_arrival_double_spiral, layout_basic, hangedman_decor_push
D:2:      layout_rooms, hangedman_feature_mirror
D:3:      layout_basic
D:4:      layout_basic, minmay_temple_entry_enclosed_plants, serial_shops,
          nicolae_diamond_shop, serial_undead, serial_undead_c, serial_undead_e,
          serial_undead_b, serial_undead_c, serial_undead_d, serial_undead_f,
          uniq_edmund

Skill      XL: |  1  2  3  4 |
---------------+-------------+-----
Fighting       | 4 |  4.6
Axes           | 3 5 |  5.8
Shields        | 4 |  4.4
Armour         | 4 |  4.2
Dodging        | |  0.5

Action                     |  1- 3 |  4- 6 || total
---------------------------+-------+-------++-------
  Melee: War axe           |   112 |    60 ||   172
    Use: Scroll            |     4 |     2 ||     6
 Armour: Scale mail        |    10 |       ||    10
         Chain mail        |    45 |    23 ||    68
  Dodge: Dodged            |    38 |    18 ||    56
  Block: Buckler           |    53 |    36 ||    89
         Reflection        |       |     2 ||     2
